 Dungeon Crawl Stone Soup version 0.27-a0-577-ge2a43ba0c9 (webtiles) character file.

Game seed: 9739044980148337136

1453 Scr1pt0r the Cleaver (level 8, 71/71 HPs)
             Began as a Minotaur Berserker on Mar 9, 2021.
             Was a Priest of Trog.
             Quit the game on level 6 of the Dungeon on Mar 24, 2021.
             The game lasted 00:39:26 (6622 turns).

Scr1pt0r the Cleaver (Minotaur Berserker)           Turns: 6622, Time: 00:39:27

Health: 71/71      AC: 15    Str: 23    XL:     8   Next: 47%
Magic:  7/7        EV:  9    Int:  4    God:    Trog [***...]
Gold:   279        SH:  0    Dex: 17    Spells: 7/7 levels left

rFire    . . .     SeeInvis .   R - +0 war axe
rCold    . . .     Faith    .   (no shield)
rNeg     . . .     Spirit   .   e - +0 plate armour
rPois    .         Reflect  .   (helmet restricted)
rElec    .         Harm     .   (no cloak)
rCorr    .         Rampage  .   (no gloves)
Will     .....                  I - +1 pair of boots
Stlth    ..........             Y - amulet of magic regeneration
HPRegen  0.21/turn              t - +6 ring of dexterity
MPRegen  0.35/turn              (no ring)

@: no status effects
A: horns 2, retaliatory headbutt
a: Renounce Religion, Berserk, Trog's Hand


You were on level 6 of the Dungeon.
You worshipped Trog.
Trog was most pleased with you.
You visited 1 branch of the dungeon, and saw 6 of its levels.

You collected 279 gold pieces.

Inventory:

Hand Weapons
 a - a +0 hand axe
 g - a +0 dagger
 l - a +0 dagger
 m - a +0 dagger
 q - a +0 dagger
 u - a +0 short sword
 x - a +0 dagger
 y - a +0 hunting sling
 D - a +0 hunting sling
 E - a +0 spear
 G - a +0 short sword
 J - a +0 dagger
 K - a +0 whip
 L - a +0 trident
 M - a +1 vorpal spear
 N - a +0 hunting sling
 O - a +0 hand axe
 R - a +0 war axe (weapon)
 S - a +0 dagger
 T - a +0 dagger
Missiles
 r - 207 stones
 s - 99 arrows
 v - 41 sling bullets
 A - 3 curare-tipped darts
 Z - 5 atropa-tipped darts
Armour
 e - a +0 plate armour (worn)
 I - a +1 pair of boots (worn)
 V - a +0 ring mail
Jewellery
 n - the ring "Jotu" {Wiz rC+ rN+ Will+}
   (You found it on level 5 of the Dungeon)

   [ring of wizardry]

   It improves your spell success rate.
   It protects you from cold.
   It protects you from negative energy.
   It affects your willpower, your defense against some magical effects.
 t - a +6 ring of dexterity (left hand)
 Y - an amulet of magic regeneration (around neck)
Scrolls
 b - 2 scrolls of fear {unknown}
 c - 5 scrolls of teleportation {unknown}
 i - 8 scrolls of identify
 w - 2 scrolls of blinking {unknown}
 H - 4 scrolls of enchant armour {unknown}
Potions
 d - 3 potions of curing
 f - 2 potions of might {unknown}
 h - a potion of mutation {unknown}
 j - a potion of haste {unknown}
 k - a potion of lignification {unknown}
 F - a potion of magic {unknown}
 Q - a potion of degeneration {unknown}
 X - a potion of heal wounds {unknown}


   Skills:
 + Level 6.6 Fighting
 * Level 8.8 Axes
 + Level 6.1 Armour
 + Level 5.6 Dodging


You had 7 spell levels left.
You didn't know any spells.
Your spell library contained the following spells:

 Spells                   Type           Power      Damage    Failure   Level
 Beastly Appendage        Tmut           0%         N/A       100%        1
 Wereblood                Tmut           0%         N/A       100%        2
 Confusing Touch          Hex            0%         N/A       100%        3
 Gell's Gravitas          Tloc           0%         N/A       100%        3
 Spider Form              Tmut/Pois      0%         N/A       100%        3
 Ice Form                 Ice/Tmut       0%         N/A       100%        4
 Petrify                  Tmut/Erth      0%         N/A       100%        4
 Blade Hands              Tmut           0%         N/A       100%        5
 Metabolic Englaciation   Hex/Ice        0%         N/A       100%        5
 Yara's Violent Unravell  Hex/Tmut       0%         3d3       100%        5


Dungeon Overview and Level Annotations

Branches:
Dungeon (6/15)
 Temple: D:4-7

Altars:
Dithmenos


Innate Abilities, Weirdness & Mutations

You have a pair of horns on your head.
You reflexively headbutt those who attack you in melee.


Message History

Found a ring mail.
There is a large open door here.
You see here a +0 ring mail.
You open the door.
Found a spear.
There is an open door here.
An ice beast comes into view.
An ice beast is nearby!
You see here a scroll of identify.
i - 8 scrolls of identify (gained 1)
You slash the ice beast!
The ice beast is moderately wounded.
The ice beast hits you. The ice beast freezes you!
You hit the ice beast but do no damage. You headbutt the ice beast!
The ice beast is severely wounded.
The ice beast barely misses you.
You barely miss the ice beast. Your headbutt misses the ice beast.
The ice beast is severely wounded.
The ice beast hits you but does no damage.
You hit the ice beast. Your headbutt misses the ice beast.
The ice beast is almost dead.
The ice beast hits you but does no damage. x2
You completely miss the ice beast. You headbutt the ice beast.
You kill the ice beast!
Trog accepts your kill.
Your Armour skill increases to level 6!
You start resting.
HP restored.
Things that are here:
a +0 falchion; a +0 giant club
There is an open door here.
As you open the door, it creaks loudly!
Done exploring.
There is a stone staircase leading down here.
You climb downwards.
There is a stone staircase leading up here.
Welcome back, Scr1pt0r the Minotaur Berserker.
Trog says: Kill them all!
Press ? for a list of commands and other information.
Are you sure you want to abandon this character and quit the game? (Confirm with "yes".)

## #. #. #.
#.#.#######
#...@.....#
###.....#.#
#####.# #


There were no monsters in sight!

Vanquished Creatures
  Pikel (D:4)
  An orc warrior (D:5)
  An ice beast (D:5)
  An ogre (D:5)
  A lemure (D:4)
  A phantom (D:5)
  Blork the orc (D:4)
  2 scorpions (D:4)
  A bullfrog zombie (D:5)
  2 bullfrog skeletons (D:4)
  4 hounds
  3 orc wizards
  A worker ant (D:5)
  A hound skeleton (D:5)
  A worker ant zombie (D:2)
  3 gnolls (D:4)
  2 adders
  An ufetubus (D:5)
  An ooze (D:3)
  3 worms
  2 dart slugs (D:2)
  4 leopard geckos
  8 orcs
  A ball python (D:3)
  9 bats
  6 giant cockroaches
  8 goblins
  8 hobgoblins
  5 jackals
  3 kobolds
  9 frilled lizards
  A jackal skeleton (D:4)
  8 rats
104 creatures vanquished.

Notes
Turn   | Place    | Note
-------+----------+-------------------------------------------
     0 | D:1      | Scr1pt0r the Minotaur Berserker began the quest for the
                  | Orb.
     0 | D:1      | Reached XP level 1. HP: 19/19 MP: 0/0
   216 | D:1      | Reached XP level 2. HP: 27/27 MP: 1/1
   223 | D:1      | Reached skill level 4 in Axes
  1489 | D:2      | Reached ** piety under Trog
  1490 | D:2      | Reached XP level 3. HP: 33/33 MP: 2/2
  2377 | D:2      | Reached XP level 4. HP: 40/40 MP: 3/3
  2641 | D:3      | Found a faded altar of an unknown god.
  2982 | D:3      | Reached skill level 5 in Axes
  3544 | D:4      | Reached XP level 5. HP: 42/47 MP: 4/4
  3605 | D:4      | Noticed a lemure
  3615 | D:4      | Killed a lemure
  4022 | D:4      | Noticed a lemure
  4023 | D:4      | Noticed Pikel
  4024 | D:4      | Noticed a lemure
  4024 | D:4      | Noticed a lemure
  4037 | D:4      | Killed Pikel
  4038 | D:4      | Reached skill level 5 in Fighting
  4038 | D:4      | Reached skill level 7 in Axes
  4038 | D:4      | Reached XP level 6. HP: 56/56 MP: 5/5
  4038 | D:4      | Reached XP level 7. HP: 61/61 MP: 6/6
  4400 | D:4      | Reached skill level 5 in Armour
  4760 | D:4      | Noticed Blork the orc
  4770 | D:4      | Killed Blork the orc
  5224 | D:4      | Reached skill level 5 in Dodging
  5522 | D:5      | Entered Level 5 of the Dungeon
  5548 | D:5      | Found a shadowy altar of Dithmenos.
  5557 | D:5      | Reached skill level 8 in Axes
  5557 | D:5      | Reached XP level 8. HP: 65/70 MP: 7/7
  5961 | D:5      | Reached *** piety under Trog
  6213 | D:5      | Identified the ring "Jotu" {Wiz rC+ rN+ Will+}
  6622 | D:6      | Quit the game

Illustrated notes

Levels and vault maps discovered:
D:1:      ncdulo_watergridlock, layout_basic
D:2:      layout_basic, serial_corexii_hall, chequers_hall_statues_wall_a,
          chequers_hall_statues_corner_a, corexii_hall_statues_i
D:3:      layout_basic, chequers_ecumenical_altar_simple_redux
D:4:      layout_layer_cave, kennysheep_generic_room_5, uniq_blork_the_orc,
          uniq_pikel
D:5:      layout_basic, grunt_dithmenos_smoke_and_mirrors,
          kennysheep_generic_room_4
D:6:      layout_loops_ring, gammafunk_temple_overflow_statue

Skill      XL: |  1  2  3  4  5  6  7  8 |
---------------+-------------------------+-----
Axes           | 4 5 7 8 |  8.8
Fighting       | 4 5 6 |  6.6
Armour         | 3 4 5 6 |  6.1
Dodging        | 3 4 5 |  5.6

Action                   |  1- 3 |  4- 6 |  7- 9 || total
-------------------------+-------+-------+-------++-------
Melee: Hand axe          |    99 |    20 |       ||   119
       Headbutt          |    21 |    14 |    26 ||    61
       War axe           |       |    46 |    80 ||   126
Invok: Berserk           |       |     2 |     1 ||     3
  Use: Scroll            |     1 |       |       ||     1
       Potion            |       |       |     1 ||     1
 Stab: Sleeping          |     1 |       |       ||     1
Armor: Animal skin       |    15 |       |       ||    15
       Leather armour    |     6 |     5 |       ||    11
       Ring mail         |       |    17 |     6 ||    23
       Plate armour      |       |       |    17 ||    17
Dodge: Dodged            |    57 |    34 |    33 ||   124

Table legend: (Time is in decaauts)
 A = Elapsed time spent in this place.
 B = Non-inter-level travel time spent in this place.
 C = Inter-level travel time spent in this place.
 D = Time resting spent in this place.
 E = Time spent auto-exploring this place.
 F = Levels seen in this place.
 G = Mean time per level.
                   A        B        C        D        E       F      G
               +--------+--------+--------+--------+--------+-----+--------+
         Total |   6677 |   6489 |    188 |   2071 |   3291 |   6 | 1112.8 |
       Dungeon |   6677 |   6489 |    188 |   2071 |   3291 |   6 | 1112.8 |
               +--------+--------+--------+--------+--------+-----+--------+

Top non-repeatable levels by time:
     D:4: 2015 daAuts
     D:1: 1466 daAuts
     D:2: 1183 daAuts
     D:5: 1103 daAuts
     D:3: 908 daAuts
     D:6: 0 daAuts
